 Dungeon Crawl Stone Soup version 0.22-a0-351-g29664b4 (webtiles) character file.

1358 TheGoonsmith the Geomancer (level 8, -1/46 HPs)
             Began as a Gargoyle Earth Elementalist on Apr 6, 2018.
             Was an Initiate of Cheibriados.
             Slain by binmo's ghost (21 damage)
             ... on level 6 of the Dungeon on Apr 13, 2018.
             The game lasted 00:10:59 (5617 turns).

TheGoonsmith the Geomancer (GrEE)                   Turns: 5617, Time: 00:10:59

Health: -1/46      AC: 20    Str: 21    XL:     8   Next: 64%
Magic:  9/15       EV:  9    Int: 19    God:    Cheibriados [......]
Gold:   298        SH:  0    Dex: 11    Spells: 4/17 levels left

rFire    . . .     SeeInvis .   q - +6 flail of Expedience {drain, Str+4}
rCold    . . .     Gourm    .   (no shield)
rNeg     + . .     Faith    .   I - +0 chain mail
rPois    ∞         Spirit   .   o - +2 hat
rElec    +         Reflect  .   u - +0 cloak
rCorr    .         Harm     .   C - +1 pair of gloves
MR       .....                  (no boots)
Stlth    ..........             (no amulet)
HPRegen  0.15/turn              s - +4 ring of strength
MPRegen  0.14/turn              (no ring)

@: very slow
A: negative energy resistance 1, electricity resistance, unbreathing,
petrification resistance, rot immunity, AC +5
a: Bend Time, Renounce Religion


You were on level 6 of the Dungeon.
You worshipped Cheibriados.
Cheibriados was noncommittal.
You were not hungry.

You visited 2 branches of the dungeon, and saw 7 of its levels.

You collected 298 gold pieces.

Inventory:

Hand Weapons
 a - a +0 club
 q - the +6 flail of Expedience (weapon) {drain, Str+4}
   (You found it on level 4 of the Dungeon)

   A truly terrible weapon, it drains the life of those it strikes.
   It affects your strength (+4).
 v - a +0 mace
 E - a +2 flail of holy wrath
Missiles
 b - 76 stones (quivered)
Armour
 c - a +0 robe
 m - a +0 shield
 o - a +2 hat (worn)
 p - a +1 hat
 u - a +0 cloak (worn)
 C - a +1 pair of gloves (worn)
 I - a +0 chain mail (worn)
Jewellery
 s - a +4 ring of strength (left hand)
 x - an uncursed amulet of magic regeneration
 J - an uncursed amulet of regeneration {unknown}
Wands
 w - a wand of flame (21)
 y - a wand of polymorph (15)
 z - a wand of acid (18)
 G - a wand of iceblast (9)
Scrolls
 f - 4 scrolls of teleportation
 i - 3 scrolls of magic mapping
 k - 3 scrolls of identify
 B - a scroll of enchant armour
 D - 3 scrolls of remove curse
 F - a scroll of fog {unknown}
 H - a scroll of immolation {unknown}
Potions
 e - a potion of heal wounds {unknown}
 g - a potion of flight {unknown}
 h - 2 potions of mutation {unknown}
 j - 2 potions of degeneration {unknown}
 l - 4 potions of curing {unknown}
 n - a potion of brilliance {unknown}
 r - 2 potions of might {unknown}
 t - 3 potions of invisibility {unknown}
 A - 2 potions of cancellation {unknown}
 K - a potion of magic {unknown}
Comestibles
 d - 7 rations


   Skills:
 - Level 3.0 Fighting
 + Level 3.6 Armour
 - Level 3.0 Dodging
 - Level 2.1 Stealth
 - Level 5.0 Spellcasting
 - Level 0.7 Transmutations
 - Level 9.0 Earth Magic


You had 4 spell levels left.
You knew the following spells:

 Your Spells              Type           Power        Failure   Level  Hunger
a - Sandblast             Erth           #####.       2%          1    None
b - Petrify               Tmut/Erth      ###.....     83%         4    ####...
x - Stone Arrow           Conj/Erth      ###...       47%         3    ##.....
z - Lee's Rapid Deconstr  Erth           #####.....   58%         5    ######.


Dungeon Overview and Level Annotations

Branches:
Dungeon (6/15)             Temple (1/1) D:5

Altars:
Ashenzari
Cheibriados
Dithmenos
Elyvilon
Fedhas
Gozag
Hepliaklqana
Kikubaaqudgha
Makhleb
Okawaru
Qazlal
Ru
Sif Muna
Trog
Uskayaw
Vehumet
Wu Jian
Xom
Yredelemnul
Zin
The Shining One

Annotations:
D:6 binmo's ghost, novice TrMo


Innate Abilities, Weirdness & Mutations

You are resistant to torment.
Your stone body is resilient. (AC +5)
You are immune to poison.
You resist negative energy. (rN+)
You are resistant to electric shocks. (rElec)
You can survive without breathing.
You are immune to petrification.
You are immune to rotting.


Message History

Binmo's ghost hits you!
Casting: Sandblast (safe; 2% risk of failure)
Confirm with . or Enter, or press ? or * to list all spells.
Aiming: Sandblast (safe; 2% risk of failure)
Press: ? - help, Shift-Dir - straight line, f/p - binmo's ghost
Aim: binmo's ghost (moderately damaged)
The blast of sand hits binmo's ghost.
Binmo's ghost is moderately damaged.
b - 77 stones Binmo's ghost misses you.
Casting: Sandblast (safe; 2% risk of failure)
Confirm with . or Enter, or press ? or * to list all spells.
Aiming: Sandblast (safe; 2% risk of failure)
Press: ? - help, Shift-Dir - straight line, f/p - binmo's ghost
Aim: binmo's ghost (moderately damaged)
The blast of sand hits binmo's ghost.
Binmo's ghost is moderately damaged.
b - 76 stones Binmo's ghost hits you!!
You die...

################
......#.........
......#.########
......#.########
...............#
...)..#.##.###.#
......#.#...##.#
.)....#....[.#.####.#
##)######...##..@Ws#
#)# ##.########.# #.#
#.# #.# #.# #.# #.#
#.# #.# #.# #.# #.#
#.# #.# #.#


You could see a scorpion and binmo's ghost.

Vanquished Creatures
  Menkaure (D:5)
  A black bear (D:6)
  A phantom (D:6)
  The ghost of schwarznadel the Shield-Bearer, an amateur FoFi (D:3)
  An ogre (D:2)
  A bullfrog (D:6)
  A scorpion (D:4)
  2 crimson imps (D:6)
  A jelly (D:5)
  3 orc priests
  Crazy Yiuf (D:2)
  3 hounds
  Terence (D:3)
  3 orc wizards
  5 worker ants
  2 hound skeletons
  4 gnolls (D:6)
  6 adders
  4 shadow imps
  An ooze (D:2)
  An adder zombie (D:5)
  An adder skeleton (D:4)
  3 worms
  2 dart slugs
  3 leopard geckos
  6 orcs
  5 bats
  2 giant cockroaches
  9 goblins
  9 hobgoblins
  5 quokkas
  3 frilled lizards
  2 goblin zombies (D:5)
  4 hobgoblin zombies (D:5)
  5 kobolds
  A kobold skeleton (D:5)
  2 kobold zombies (D:5)
  A leopard gecko skeleton (D:4)
  An orc skeleton (D:5)
  2 orc zombies (D:5)
  4 rats
114 creatures vanquished.

Notes
Turn   | Place    | Note
-------+----------+-------------------------------------------
     0 | D:1      | TheGoonsmith the Gargoyle Earth Elementalist began the quest for the Orb.
     0 | D:1      | Reached XP level 1. HP: 10/10 MP: 3/3
   190 | D:1      | Reached skill level 4 in Earth Magic
   190 | D:1      | Reached XP level 2. HP: 13/15 MP: 5/5
   598 | D:1      | Upgraded the game from 0.22-a0-346-ga714374 to 0.22-a0-351-g29664b4
   952 | D:1      | Reached XP level 3. HP: 19/19 MP: 6/6
  1253 | D:2      | Found a hide-covered altar of Uskayaw.
  1255 | D:2      | Found a white marble altar of Elyvilon.
  1256 | D:2      | Found a shattered altar of Ashenzari.
  1256 | D:2      | Found a deep blue altar of Sif Muna.
  1762 | D:2      | Reached XP level 4. HP: 24/24 MP: 4/8
  1800 | D:2      | Reached skill level 5 in Earth Magic
  1805 | D:2      | Noticed an ogre
  1811 | D:2      | Killed an ogre
  1811 | D:2      | Reached skill level 6 in Earth Magic
  1811 | D:2      | Reached XP level 5. HP: 28/28 MP: 5/9
  1896 | D:2      | Found an ancient bone altar of Kikubaaqudgha.
  2041 | D:2      | Found a runed door.
  2045 | D:2      | Noticed Crazy Yiuf
  2048 | D:2      | Killed Crazy Yiuf
  2101 | D:3      | Found a transporter.
  2122 | D:3      | Found a transporter.
  2335 | D:3      | Reached skill level 1 in Fighting
  2335 | D:3      | Reached XP level 6. HP: 17/34 MP: 3/10
  2590 | D:3      | Found an opulent altar of Gozag.
  2660 | D:3      | Noticed schwarznadel's ghost (amateur FoFi)
  2673 | D:3      | Killed schwarznadel's ghost
  3294 | D:3      | Noticed Terence
  3302 | D:3      | Killed Terence
  3304 | D:3      | Reached skill level 7 in Earth Magic
  3494 | D:3      | Found a blossoming altar of Fedhas.
  3638 | D:4      | Reached XP level 7. HP: 40/40 MP: 10/12
  3881 | D:4      | Got an iridescent flail
  3882 | D:4      | Identified the +6 flail of Expedience {drain, Str+4} (You found it on level 4 of the Dungeon)
  4148 | D:5      | Entered Level 5 of the Dungeon
  4148 | D:5      | Found a staircase to the Ecumenical Temple.
  4156 | D:5      | Found a glowing golden altar of the Shining One.
  4314 | D:5      | Found a shimmering altar of Xom.
  4315 | D:5      | Found a hazy altar of Hepliaklqana.
  4316 | D:5      | Noticed a spectral ugly thing
  4374 | Temple   | Entered the Ecumenical Temple
  4566 | D:5      | Found an iron altar of Okawaru.
  4575 | D:5      | Noticed Menkaure
  4585 | D:5      | Killed Menkaure
  4585 | D:5      | Reached skill level 8 in Earth Magic
  4585 | D:5      | Reached XP level 8. HP: 12/46 MP: 13/15
  4800 | D:5      | Found a snail-covered altar of Cheibriados.
  4812 | D:5      | Became a worshipper of Cheibriados the Contemplative
  4817 | D:5      | Learned a level 3 spell: Stone Arrow
  4823 | D:5      | Learned a level 5 spell: Lee's Rapid Deconstruction
  4828 | D:5      | Learned a level 4 spell: Petrify
  5336 | D:6      | Reached skill level 5 in Spellcasting
  5434 | D:6      | Reached skill level 9 in Earth Magic
  5612 | D:6      | Noticed binmo's ghost (novice TrMo)
  5617 | D:6      | Slain by binmo's ghost

Vault maps used:
D:1:      dpeg_arrival_snail, serial_aquarium, aquarium_bridge_straight,
          aquarium_window_1, aquarium_window_1, aquarium_view_2d,
          aquarium_balcony_3a, aquarium_pool_1, minmay_misc_feat_tower
D:2:      chequers_temple_overflow_statue_of_worship, old_standard_altar,
          uniq_crazy_yiuf_cottage
D:3:      gammafunk_wand_slinger, fedhas_altar_1, nicolae_gozag_seed_capital,
          uniq_terence
D:5:      regret_index_temple_of_mockery, nicolae_tso_besieged_by_evil,
          lemuel_crystal_altar, overflow_temple_1_default, first_ration,
          uniq_menkaure
D:6:      serial_shops, nicolae_shop_stone
Temple:   nicolae_temple_figure_zero

Skill      XL: |  1  2  3  4  5  6  7  8 |
---------------+-------------------------+-----
Earth Magic    | 4 6 7 8 9 |  9.0
Spellcasting   | 3 4 5 |  5.0
Fighting       | 1 2 3 |  3.0
Dodging        | 2 3 |  3.0
Armour         | 3 |  3.6
Stealth        | |  2.1
Transmutations | |  0.7

Action                   |  1- 3 |  4- 6 |  7- 9 || total
-------------------------+-------+-------+-------++-------
Melee: Club              |    65 |     6 |       ||    71
       Unarmed           |     3 |     6 |       ||     9
       Mace              |       |    30 |       ||    30
       Flail             |       |       |   158 ||   158
 Cast: Sandblast         |    20 |    38 |    26 ||    84
  Use: Scroll            |       |     7 |     1 ||     8
 Stab: Sleeping          |     3 |     2 |       ||     5
  Eat: Chunk             |     2 |     6 |     5 ||    13
       Ration            |       |       |     1 ||     1
Armor: Robe              |    25 |    10 |    83 ||   118
       Skin              |       |     2 |       ||     2
       Chain mail        |       |       |     9 ||     9
Dodge: Dodged            |    65 |    40 |   132 ||   237

Table legend:
 A = Spawn XP
 B = Non-spawn XP
 C = Spawn XP percentage of total XP
 D = Spawn monster count
 E = Non-spawn monster count
 F = Spawn count percentage of total count
 G = Total turns spent on level
                    A         B        C        D         E        F      G
               +---------+---------+-------+---------+---------+-------+---------
         Total |       0 |    1941 |   0.0 |       0 |     114 |   0.0 |  5617
               +---------+---------+-------+---------+---------+-------+---------
           D:1 |       0 |      37 |   0.0 |       0 |      20 |   0.0 |  1118
           D:2 |       0 |     216 |   0.0 |       0 |      15 |   0.0 |   970
           D:3 |       0 |     362 |   0.0 |       0 |      22 |   0.0 |  1527
           D:4 |       0 |     364 |   0.0 |       0 |      20 |   0.0 |   533
           D:5 |       0 |     396 |   0.0 |       0 |      24 |   0.0 |  1062
           D:6 |       0 |     566 |   0.0 |       0 |      13 |   0.0 |   289
               +---------+---------+-------+---------+---------+-------+---------
